 Dungeon Crawl Stone Soup version 0.30.0-30-g96aa6591b8 (webtiles) character file.

Game seed: 11945702704252339732

88 jtron the Covered (level 4, -1/33 HPs)
             Began as a Demonspawn Wanderer on June 30, 2023.
             Slain by Natasha (6 damage)
             ... on level 2 of the Dungeon.
             The game lasted 00:05:45 (1982 turns).

jtron the Covered (Demonspawn Wanderer)             Turns: 1982, Time: 00:05:46

Health: -1/33      AC: 15    Str: 10    XL:     4   Next: 29%
Magic:  4/4        EV:  5    Int: 15    God:
Gold:   59         SH:  0    Dex: 15    Spells: 3/3 levels left

rFire   . . .        b - +0 short sword
rCold   . . .        (no shield)
rNeg    . . .        f - +0 chain mail
rPois   .            l - +2 helmet
rElec   .            (no cloak)
rCorr   .            (no gloves)
SInv    .            (no boots)
Will    .....        (no amulet) Stlth
                     (no ring)
HPRegen 0.25/turn    (no ring)
MPRegen 0.09/turn

%: no passive effects
@: no status effects
A: thin metallic scales 1, weakness stinger 1
a: no special abilities


You were on level 2 of the Dungeon.
You visited 1 branch of the dungeon, and saw 2 of its levels.

You collected 59 gold pieces.

Inventory:

Hand Weapons
 a - a +0 sling
 b - a +0 short sword (weapon)
Missiles
 p - 2 poisoned darts
Armour
 f - a +0 chain mail (worn)
 l - a +2 helmet (worn)
Jewellery
 o - a ring of wizardry
Scrolls
 g - 2 scrolls of identify {unknown}
 i - 2 scrolls of enchant weapon {unknown}
 j - a scroll of fog {unknown}
 n - a scroll of noise {unknown}
Potions
 d - 2 potions of attraction
 e - 3 potions of curing
 k - a potion of might {unknown}
 m - a potion of degeneration {unknown}


   Skills:
 * Level 1.9 Fighting
 * Level 1.1 Short Blades
 + Level 2.1 Ranged Weapons
 - Level 5.0 Armour
 + Level 1.7 Stealth
 + Level 2.0 Evocations


You had 3 spell levels left.
You didn't know any spells.
Your spell library contained the following spells:

 Spells                   Type           Power      Damage    Failure   Level
 Sting                    Tmut/Pois      0%         1d3       100%        1
 Poisonous Vapours        Pois/Air       0%         N/A       100%        2
 Olgreb's Toxic Radiance  Pois           0%         N/A       100%        4


Dungeon Overview and Level Annotations

Branches:
Dungeon (2/15)

Altars:

Annotations:
D:2 Natasha


Innate Abilities, Weirdness & Mutations

You are partially covered in thin metallic scales. (AC +2)
You have a small tail.


Message History

The cerulean imp is severely wounded.
The cerulean imp hits you but does no damage.
The cerulean imp hits you from afar with a +1 spear.
You barely miss the cerulean imp.
The cerulean imp is severely wounded.
The cerulean imp hits you with a +2 spear.
The cerulean imp hits you but does no damage.
You hit the cerulean imp but do no damage.
The cerulean imp is severely wounded.
The cerulean imp hits you with a +2 spear.
The cerulean imp barely misses you.
You hit the cerulean imp.
You kill the cerulean imp!
The cerulean imp disappears in a puff of smoke!
The cerulean imp hits you but does no damage.
You hit Natasha. You tail-slap Natasha.
Natasha is heavily wounded.
Natasha howls an incantation.
You feel disoriented. Natasha claws you but does no damage.
The cerulean imp hits you but does no damage. x2
You closely miss Natasha.
Natasha is heavily wounded.
Natasha claws you.
* * * LOW HITPOINT WARNING * * *
The cerulean imp barely misses you.
The cerulean imp hits you but does no damage.
You closely miss Natasha. You tail-slap Natasha.
Natasha is severely wounded.
Natasha claws you but does no damage. The cerulean imp barely misses you.
The cerulean imp hits you from afar with a +1 spear.
* * * LOW HITPOINT WARNING * * *
You barely miss Natasha.
Natasha is severely wounded.
Natasha casts a spell.
The cerulean imp hits you but does no damage. x2
You hit Natasha. You tail-slap Natasha.
Natasha is severely wounded.
Natasha claws you.
You die...

#....######.... ###.# #....#
.. ##.... #.#..### ....#
....# .......### ....# #.#.#
..............#.# #.#.#
....##...###..#.# ##...#
#...####..##..#.# #..#.#
#.............#.#####..#.#
#.########.#.##.@h5....#.###
#.# #....<...##.##5.<.##...#
#.# #.#####..###...#######.#
#.# #.# #................#
#+###.## ###.##.###########
.......#### #....#
..........####..###
..........##...>..#
....####..##......#


You could see Natasha and 2 cerulean imps.

Vanquished Creatures
  3 adders (D:2)
  3 gnolls (D:2)
  3 ball pythons
  3 bats
  2 endoplasms
  3 giant cockroaches (D:1)
  A goblin (D:1)
  5 hobgoblins
  3 kobolds
  2 frilled lizards (D:2)
  2 rats
30 creatures vanquished.

Notes
Turn   | Place    | Note
-------+----------+-------------------------------------------
     0 | D:1      | jtron the Demonspawn Wanderer began the quest for the Orb.
     0 | D:1      | jtron set off with the following items: a +0 sling, a +0
                  | chain mail, a wand of flame (4), a potion of attraction.
     0 | D:1      | Reached XP level 1. HP: 13/13 MP: 1/1
   464 | D:1      | Gained mutation: You have a small tail. [demonic ancestry]
   464 | D:1      | Reached XP level 2. HP: 17/20 MP: 2/2
  1068 | D:2      | Reached skill level 1 in Fighting
  1156 | D:2      | Gained mutation: You are partially covered in thin metallic
                  | scales. (AC +2) [demonic ancestry]
  1156 | D:2      | Reached XP level 3. HP: 26/26 MP: 3/3
  1178 | D:2      | HP: 1/26 [poisoned by an adder]
  1369 | D:2      | Reached skill level 1 in Short Blades
  1474 | D:2      | Noticed Terence
  1590 | D:2      | Reached skill level 5 in Armour
  1590 | D:2      | Reached XP level 4. HP: 32/32 MP: 4/4
  1637 | D:2      | Found a faded altar of an unknown god.
  1947 | D:2      | Noticed Natasha
  1982 | D:2      | Slain by Natasha

Illustrated notes

Levels and vault maps discovered:
D:1:      dpeg_cavernosity, layout_basic
D:2:      layout_basic, shapermc_ecumenical_altar_starsandcircs,
          kennysheep_doodads, corexii_shack, nicolae_wormholes, uniq_natasha,
          uniq_terence

Skill      XL: |  1  2  3 |
---------------+----------+-----
Fighting       | 1 |  1.9
Short Blades   | 1 |  1.1
Ranged Weapons | 2 |  2.1
Armour         | 5 |  5.0
Stealth        | |  1.7
Evocations     | |  2.0

Action                     |  1- 3 |  4- 6 || total
---------------------------+-------+-------++-------
  Melee: Short sword       |    28 |    25 ||    53
         Tailslap          |     1 |     6 ||     7
   Fire: Sling             |   119 |    11 ||   130
  Evoke: Wand              |     2 |     2 ||     4
    Use: Potion            |       |     3 ||     3
 Armour: Chain mail        |   114 |    35 ||   149
  Dodge: Dodged            |    42 |    14 ||    56
